 Dungeon Crawl Stone Soup version 0.28-a0-804-g60983d4ba9 (webtiles) character file.

Game seed: 437564042124050552

47 croobank the Insei (level 3, -2/23 HPs)
             Began as an Octopode Transmuter on Nov 7, 2021.
             Slain by an adder (3 damage)
             ... on level 2 of the Dungeon.
             The game lasted 00:07:54 (1831 turns).

croobank the Insei (Octopode Transmuter)            Turns: 1831, Time: 00:07:56

Health: -2/23      AC:  1    Str: 10    XL:     3   Next: 70%
Magic:  2/6        EV: 10    Int: 15    God:
Gold:   90         SH:  0    Dex: 12    Spells: 2/6 levels left

rFire   . . .      SeeInvis .   g - +1 dagger (venom)
rCold   . . .      Faith    .   (no shield)
rNeg    . . .      Spirit   .   (helmet restricted)
rPois   .          Reflect  .   (no amulet)
rElec   .          Harm     .   (no ring)
rCorr   .          Rampage  .   (no ring)
Will    .....                   (no ring)
Stlth   +++.......              (no ring)
HPRegen 0.07/turn               (no ring)
MPRegen 0.10/turn               (no ring)
                                (no ring)
                                (no ring)

@: lethally poisoned (-2 -> -15), wereblooded, constricted
A: almost no armour, amphibious, 8 rings, camouflage 1, gelatinous body 1,
(nimble swimmer 1), tentacles
a: no special abilities


You were on level 2 of the Dungeon.
You visited 1 branch of the dungeon, and saw 2 of its levels.

You collected 90 gold pieces.

Inventory:

Hand Weapons
 c - a +0 whip
 g - a +1 dagger of venom (weapon)
Missiles
 d - 21 stones (quivered)
Scrolls
 h - a scroll of noise {unknown}
Potions
 a - 2 potions of cancellation
 b - a potion of flight {unknown}
 f - a potion of curing {unknown}


   Skills:
 + Level 1.0 Fighting
 + Level 0.1 Short Blades
 + Level 0.2 Maces & Flails
 + Level 2.5 Dodging
 + Level 2.0 Stealth
 + Level 3.5 Unarmed Combat
 + Level 2.1 Spellcasting
 + Level 2.2 Transmutations


You had 2 spell levels left.
You knew the following spells:

 Your Spells              Type           Power      Damage    Failure   Level
a - Beastly Appendage     Tmut           16%        N/A       9%          1
b - Wereblood             Tmut           8%         N/A       13%         2
c - Pain                  Necr           4%         1d4       22%         1

Your spell library contained the following spells:

 Spells                   Type           Power      Damage    Failure   Level
 Animate Skeleton         Necr           2%         N/A       22%         1
 Spider Form              Tmut/Pois      4%         N/A       38%         3
 Vampiric Draining        Necr           1%         2d6       54%         3
 Ice Form                 Ice/Tmut       4%         N/A       80%         4


Dungeon Overview and Level Annotations

Branches:
Dungeon (2/15)

Altars:


Innate Abilities, Weirdness & Mutations

You cannot wear most types of armour.
You are amphibious.
You can wear up to eight rings at the same time.
Your skin changes colour to match your surroundings (Stealth+).
Your rubbery body absorbs attacks. (AC +1, EV +1)
((You are camouflaged near water. (Stealth+)))
You have tentacles for arms and can constrict up to eight enemies at once.


Message History

You closely miss the adder. Your grab misses the adder. The adder misses you.
The ball python closely misses you. The ball python grabs you.
The ball python constricts you.
You completely miss the adder. Your grab misses the adder.
You squeeze the adder.
The adder is lightly wounded.
The adder barely misses you. The ball python barely misses you.
The ball python constricts you.
Okay, then.
Casting: Wereblood (safe; 13% risk of failure)
Confirm with . or Enter, or press ? or * to list all spells.
Your blood is infused with primal strength.
The adder bites you.
You are poisoned.
The adder poisons you! The ball python barely misses you.
The ball python constricts you. The adder closely misses you.
The gnoll closely misses you.
You hit the adder.
The adder is poisoned.
Your grab misses the adder.
The adder is heavily wounded.
You feel sick. The ball python bites you. The ball python constricts you.
The adder bites you.
You are more poisoned.
The adder poisons you!
As you read the scroll labelled LUOTUSCH MUEZU, it crumbles to dust.
The scroll dissolves into smoke.
It was a scroll of fog.
You feel sick. The ball python closely misses you.
The ball python constricts you. The adder barely misses you.
The ball python bites you. The ball python constricts you.
Your magical contamination has completely faded away.
You miss the adder. Your grab misses the adder.
The adder is heavily wounded.
* * * LOW HITPOINT WARNING * * *
You feel sick. The adder bites you.
* * * LOW HITPOINT WARNING * * *
You are more poisoned.
The adder poisons you! The ball python closely misses you.
The ball python constricts you.
* * * LOW HITPOINT WARNING * * *
The adder bites you.
You die...

...........#
...
#####.######
.... #.## ...
#..#### ..##.
##....#
######.....
####.###
#.........#
#...###.#§...#
###...§§§S...#
.####.#g@S§###
.........§##.#
...###.g### .#
#...#..... ..
#####..........
.## ........
####.#. .#
....## ## ..#.
#. .....# .#
.##.. .
###..####.##..J


You could see 2 gnolls, an adder (very poisoned) and a ball python.

Vanquished Creatures
  A dart slug (D:1)
  8 ball pythons
  7 bats
  7 endoplasms
  3 giant cockroaches
  4 goblins (D:1)
  A kobold (D:2)
  3 frilled lizards
  4 rats
38 creatures vanquished.

Notes
Turn   | Place    | Note
-------+----------+-------------------------------------------
     0 | D:1      | croobank the Octopode Transmuter began the quest for the
                  | Orb.
     0 | D:1      | Reached XP level 1. HP: 13/13 MP: 3/3
   246 | D:1      | Reached XP level 2. HP: 14/18 MP: 5/5
   434 | D:1      | You fall into a shaft and drop 1 floor!
   720 | D:1      | Reached skill level 1 in Stealth
   932 | D:1      | Learned a level 2 spell: Wereblood
   934 | D:1      | Learned a level 1 spell: Pain
   945 | D:1      | Reached XP level 3. HP: 15/23 MP: 6/6
  1283 | D:1      | Found a faded altar of an unknown god.
  1831 | D:2      | HP: 1/23 [constriction (1)]
  1831 | D:2      | Slain by an adder

Illustrated notes

Levels and vault maps discovered:
D:1:      dpeg_arrival_subterranean_lakeside_camping, layout_loops_ring,
          shapermc_ecumenical_altar_flowoftime, chequers_serial_rivers_small_b,
          minivault_19
D:2:      layout_rooms, chequers_mini_garden, uniq_jessica

Skill      XL: |  1  2  3 |
---------------+----------+-----
Stealth        | 1 2 |  2.0
Fighting       | |  1.0
Short Blades   | |  0.1
Maces & Flails | |  0.2
Dodging        | |  2.5
Unarmed Combat | |  3.5
Spellcasting   | |  2.1
Transmutations | |  2.2

Action                   || total
-------------------------++-------
Melee: Unarmed           ||    22
       Constrict         ||    17
       Tentacles         ||    13
       Whip              ||    49
       Punch             ||     3
       Dagger            ||    19
 Cast: Wereblood         ||     3
  Use: Scroll            ||     3
 Stab: Sleeping          ||     9
       Distracted        ||     1
Armor: Skin              ||     7
Dodge: Dodged            ||    96

Table legend: (Time is in decaauts)
 A = Elapsed time spent in this place.
 B = Non-inter-level travel time spent in this place.
 C = Inter-level travel time spent in this place.
 D = Time resting spent in this place.
 E = Time spent auto-exploring this place.
 F = Levels seen in this place.
 G = Mean time per level.
                   A        B        C        D        E       F      G
               +--------+--------+--------+--------+--------+-----+--------+
         Total |   1833 |   1803 |     30 |    506 |    894 |   2 |  916.5 |
       Dungeon |   1833 |   1803 |     30 |    506 |    894 |   2 |  916.5 |
               +--------+--------+--------+--------+--------+-----+--------+

Top non-repeatable levels by time:
     D:1: 1489 daAuts
     D:2: 344 daAuts
